 Dungeon Crawl Stone Soup version 0.28-a0-1235-g7c8fac35f0 (webtiles) character file.

Game seed: 10688863142050741164

181 sanka the Shield-Bearer (level 5, -18/47 HPs)
             Began as a Gnoll Fighter on Dec 24, 2021.
             Killed from afar by Ijyb (34 damage)
             ... with a bolt of acid
             ... on level 3 of the Dungeon.
             The game lasted 00:03:05 (2578 turns).

sanka the Shield-Bearer (Gnoll Fighter)             Turns: 2578, Time: 00:03:05

Health: -18/47     AC:  7    Str: 21    XL:     5   Next: 61%
Magic:  0/7        EV: 10    Int:  9    God:
Gold:   83         SH:  5    Dex: 12    Spells: 7/7 levels left

rFire   . . .      SeeInvis .   a - +0 long sword
rCold   . . .      Faith    .   c - +0 buckler
rNeg    . . .      Spirit   +   h - +0 scale mail
rPois   .          Reflect  .   (no helmet)
rElec   .          Harm     .   (no cloak)
rCorr   .          Rampage  .   (no gloves)
Will    .....                   (no boots)
Stlth   ..........              g - amulet of guardian spirit
HPRegen 0.15/turn               p - +6 ring of strength
MPRegen 0.10/turn               (no ring)

@: no status effects
A: fangs 1, strong nose, distributed training
a: no special abilities


You were on level 3 of the Dungeon.
You visited 1 branch of the dungeon, and saw 3 of its levels.

You collected 83 gold pieces.


Innate Abilities, Weirdness & Mutations

You have very sharp teeth.
Your uncanny sense of smell can sniff out nearby items.
Your experience applies equally to all skills.


   Skills:
 + Level 6.7 Fighting
 + Level 1.5 Short Blades
 + Level 4.8 Long Blades
 + Level 1.5 Axes
 + Level 1.5 Maces & Flails
 + Level 1.5 Polearms
 + Level 1.5 Staves
 + Level 1.5 Slings
 + Level 1.5 Bows
 + Level 1.5 Crossbows
 + Level 1.5 Throwing
 + Level 6.7 Armour
 + Level 1.5 Dodging
 + Level 1.5 Stealth
 + Level 6.7 Shields
 + Level 1.5 Unarmed Combat
 + Level 1.5 Spellcasting
 + Level 1.2 Conjurations
 + Level 1.2 Hexes
 + Level 1.2 Summonings
 + Level 1.2 Necromancy
 + Level 1.2 Translocations
 + Level 1.2 Transmutations
 + Level 1.2 Fire Magic
 + Level 1.2 Ice Magic
 + Level 1.2 Air Magic
 + Level 1.2 Earth Magic
 + Level 1.2 Poison Magic
 + Level 1.7 Invocations
 + Level 1.5 Evocations


You had 7 spell levels left.
You didn't know any spells.
Your spell library was empty.

Inventory:

Hand Weapons
 a - a +0 long sword (weapon)
 b - a +0 dagger of venom
Missiles
 i - a throwing net (quivered) {=f}
Armour
 c - a +0 buckler (worn)
 h - a +0 scale mail (worn)
Jewellery
 g - an amulet of guardian spirit (around neck)
 p - a +6 ring of strength (left hand)
Wands
 o - a wand of acid (5)
Scrolls
 e - a scroll of teleportation {unknown}
 f - a scroll of acquirement {unknown}
 k - a scroll of summoning {unknown}
 l - a scroll of holy word {unknown}
 q - a scroll of identify {unknown}
Potions
 d - 2 potions of might
 j - 2 potions of curing {unknown}
 m - a potion of cancellation {unknown}
 n - a potion of invisibility {unknown}

Dungeon Overview and Level Annotations

Branches:
Dungeon (3/15)

Altars:

Shops:
D:3 :

Annotations:
D:3 Ijyb

.▒▒▒▒▒▒..
..▒.........▒▒▒
..(......
.o.........'.
.▒▒▒▒▒▒..
▒.o.......▒ .▒
▒.......▒ .▒
▒o....▒ .▒
▒o..▒ ▒▒ ▒▒'▒▒
▒▒▒▒▒▒.▒▒
▒.gg.)).▒
........▒▒..▒
▒▒▒.▒.▒.▒...▒▒
▒
▒.▒......▒▒▒▒.
▒ ▒...........
▒......▒†.▒▒▒▒▒
▒▒▒.▒.▒▒..▒
▒▒.▒.▒▒..▒
.........▒


You could see Ijyb.


Message History

You bite Ijyb, but do no damage.
Ijyb is lightly wounded.
Ijyb hits you but does no damage.
Ijyb screams, "No!
No, no, no, no!"
Ijyb barely misses you.
Unknown command.
You hit Ijyb. You bite Ijyb.
Ijyb is heavily wounded.
Ijyb hits you with a +0 dagger.
You hit Ijyb. You bite Ijyb, but do no damage.
Ijyb is severely wounded.
Ijyb hits you but does no damage.
You closely miss Ijyb.
Ijyb is severely wounded.
Ijyb zaps a wand.
The bolt of acid hits you!
* * * LOW HITPOINT WARNING * * *
You barely miss Ijyb. You bite Ijyb, but do no damage.
Ijyb is severely wounded.
Ijyb hits you with a +0 dagger.
* * * LOW HITPOINT WARNING * * *
You hit Ijyb.
Ijyb is almost dead.
Ijyb zaps a wand.
The bolt of acid hits you!!!
Ouch! That really hurt!
You die...

Action                   |  1- 3 |  4- 6 || total
-------------------------+-------+-------++-------
Melee: Long sword        |    92 |   105 ||   197
       Bite              |     7 |     8 ||    15
Armor: Scale mail        |    35 |    42 ||    77
Dodge: Dodged            |    52 |    51 ||   103
Block: Buckler           |    33 |    33 ||    66

Levels and vault maps discovered:
D:1:      minmay_arrival_shattered_statue, layout_basic,
          dreamdust_ecumenical_altar_drowned_temple, grunt_decor_resistance,
          minmay_misc_feat_five
D:2:      layout_loops_ring, moated_statue
D:3:      layout_loops_corners, serial_shops, nicolae_shop_stone, uniq_ijyb,
          uniq_terence

Notes
Turn   | Place    | Note
-------+----------+-------------------------------------------
     0 | D:1      | sanka the Gnoll Fighter began the quest for the Orb.
     0 | D:1      | Reached XP level 1. HP: 23/23 MP: 1/1
   183 | D:1      | Reached XP level 2. HP: 26/29 MP: 2/2
   311 | D:1      | Found a faded altar of an unknown god.
  1006 | D:2      | Reached XP level 3. HP: 23/35 MP: 2/4
  1210 | D:2      | Reached skill level 1 in Invocations
  1345 | D:2      | Reached skill level 1 in Short Blades
  1345 | D:2      | Reached skill level 1 in Axes
  1345 | D:2      | Reached skill level 1 in Maces & Flails
  1345 | D:2      | Reached skill level 1 in Polearms
  1345 | D:2      | Reached skill level 1 in Staves
  1345 | D:2      | Reached skill level 1 in Slings
  1345 | D:2      | Reached skill level 1 in Bows
  1345 | D:2      | Reached skill level 1 in Crossbows
  1345 | D:2      | Reached skill level 1 in Throwing
  1345 | D:2      | Reached skill level 1 in Dodging
  1345 | D:2      | Reached skill level 1 in Stealth
  1345 | D:2      | Reached skill level 1 in Unarmed Combat
  1345 | D:2      | Reached skill level 1 in Spellcasting
  1345 | D:2      | Reached skill level 1 in Evocations
  1365 | D:2      | Reached XP level 4. HP: 41/41 MP: 5/5
  2092 | D:3      | Reached skill level 1 in Conjurations
  2092 | D:3      | Reached skill level 1 in Hexes
  2092 | D:3      | Reached skill level 1 in Summonings
  2092 | D:3      | Reached skill level 1 in Necromancy
  2092 | D:3      | Reached skill level 1 in Translocations
  2092 | D:3      | Reached skill level 1 in Transmutations
  2092 | D:3      | Reached skill level 1 in Fire Magic
  2092 | D:3      | Reached skill level 1 in Ice Magic
  2092 | D:3      | Reached skill level 1 in Air Magic
  2092 | D:3      | Reached skill level 1 in Earth Magic
  2092 | D:3      | Reached skill level 1 in Poison Magic
  2180 | D:3      | Noticed Terence
  2185 | D:3      | Killed Terence
  2186 | D:3      | Reached XP level 5. HP: 43/47 MP: 5/7
  2446 | D:3      | Found Gann's Book Shop.
  2568 | D:3      | Noticed Ijyb
  2578 | D:3      | Killed from afar by Ijyb

Vanquished Creatures
  A hound (D:3)
  An orc priest (D:3)
  Terence (D:3)
  3 adders
  2 worms
  A dart slug (D:1)
  4 orcs (D:3)
  8 bats
  4 endoplasms
  A giant cockroach (D:2)
  4 goblins
  4 hobgoblins
  6 jackals (D:2)
  4 kobolds
  3 quokkas
  6 ball pythons
  6 frilled lizards
  A rat (D:3)
  A spectral kobold (D:1)
61 creatures vanquished.
